 Dungeon Crawl Stone Soup version 0.29.1-15-g9cfb28693d (webtiles) character file.

Game seed: 1001091358355221215

7 Carnifexus the Sneak (level 1, -3/20 HPs)
             Began as a Minotaur Delver on Mar 29, 2023.
             Slain by a wraith (10 damage)
             ... on level 5 of the Dungeon.
             The game lasted 00:00:12 (173 turns).

Carnifexus the Sneak (Minotaur Delver)               Turns: 173, Time: 00:00:12

Health: -3/20      AC:  3    Str: 16    XL:     1   Next: 91%
Magic:  0/0        EV: 11    Int:  7    God:
Gold:   0          SH:  0    Dex: 11    Spells: 0/0 levels left

rFire   . . .      SeeInvis .   a - +0 mace
rCold   . . .      Faith    .   (no shield)
rNeg    . . .      Spirit   .   b - +0 leather armour
rPois   .          Reflect  .   (helmet restricted)
rElec   .          Harm     .   (no cloak)
rCorr   .          Rampage  .   (no gloves)
Will    .....                   (no boots)
Stlth   ++........              (no amulet)
HPRegen 0.06/turn               (no ring)
MPRegen 0.07/turn               (no ring)

@: slowed, very slow
A: horns 2, retaliatory headbutt
a: no special abilities


You were on level 5 of the Dungeon.
You visited 1 branch of the dungeon, and saw 1 of its levels.

Inventory:

Hand Weapons
 a - a +0 mace (weapon)
Armour
 b - a +0 leather armour (worn)
 h - a +0 plate armour
Wands
 g - a wand of digging (3)
Scrolls
 c - a scroll of fog
 d - a scroll of magic mapping
 e - a scroll of fear
Potions
 f - a potion of haste


   Skills:
 + Level 3.7 Fighting
 + Level 2.5 Maces & Flails
 + Level 2.2 Dodging
 + Level 4.3 Stealth


You couldn't memorise any spells.
You didn't know any spells.
Your spell library was empty.

Dungeon Overview and Level Annotations

Branches:
Dungeon (5/15)
 Temple: D:4-7

Altars:
Fedhas
Qazlal
Trog
Wu Jian


Innate Abilities, Weirdness & Mutations

You have a pair of horns on your head.
You reflexively headbutt those who attack you in melee.


Message History

You closely miss the white imp. The white imp completely misses you.
You furiously retaliate!
You headbutt the white imp, but do no damage.
You hit the white imp.
The white imp is moderately wounded.
The white imp barely misses you. You furiously retaliate!
You headbutt the white imp. You hit the white imp.
The white imp is severely wounded.
The white imp gestures at you. The puff of frost misses you.
The white imp hits you. The white imp freezes you.
You hit the white imp.
You kill the white imp!
HP restored.
A white imp comes into view.
The white imp shouts!
Found an ornate altar of the Wu Jian Council.
A wraith comes into view.
A jelly comes into view.
Found a bloodstained altar of Trog and a blossoming altar of Fedhas.
Found a stone staircase leading up.
A water moccasin comes into view.
The white imp gestures at you. The puff of frost hits you!
Found a scroll labelled FAN SUIF EFRO.
A jelly comes into view.
A black bear comes into view.
Found a stormy altar of Qazlal.
The water moccasin hisses angrily.
The jelly quivers.
The wraith hits you. The wraith drains your vigour!
You feel yourself slow down.
The water moccasin bites you but does no damage.
The wraith attacks as you move away! The wraith hits you but does no damage.
The jelly quivers.
The water moccasin barely misses you. The water moccasin closely misses you.
The wraith hits you!
Ouch! That really hurt!
You die...

J. 5....# .#
...#.#<.......
.##.##..#.#.......##
........#.#... ...
#..._..?J... #.#
##h......##.#####.###.#
#......J..#...........#
#._..⌠..S..5..###.#####
#......@W.....# #.#
#.............# #.#
#...._........# #.#
#......#......###.##
##....##########...#
##.## #.#.# #.#####
#...# #...#.#### ##.##
#..>....######.#


You could see a wraith, a water moccasin, a black bear (asleep), 2 jellies and a
white imp.

Vanquished Creatures
  A white imp (D:5)
1 creature vanquished.

Notes
Turn   | Place    | Note
-------+----------+-------------------------------------------
     0 | D:5      | Carnifexus the Minotaur Delver began the quest for the Orb.
     0 | D:5      | Reached XP level 1. HP: 19/19 MP: 0/0
   165 | D:5      | Found an ornate altar of the Wu Jian Council.
   167 | D:5      | Noticed a wraith
   168 | D:5      | Found a bloodstained altar of Trog.
   168 | D:5      | Found a blossoming altar of Fedhas.
   168 | D:5      | Noticed a jelly
   168 | D:5      | Noticed a water moccasin
   169 | D:5      | Noticed a jelly
   171 | D:5      | Found a stormy altar of Qazlal.
   171 | D:5      | Noticed a black bear
   173 | D:5      | Slain by a wraith

Illustrated notes

Levels and vault maps discovered:
D:5:      layout_loops_cross, grunt_temple_overflow_open, grunt_decor_clamped

Action                   || total
-------------------------++-------
Melee: Mace              ||     5
 Stab: Sleeping          ||     1
Armor: Leather armour    ||     2
Dodge: Dodged            ||     6
